Map: Abiogenesis LE

Players

fruitcake

  • Race: Terran Terran
  • Spawn Location: 11:00

A.I. 1 (Very Hard) - Winner!

  • Race: Zerg Zerg
  • Spawn Location: 5:00

VOD

Have the link to the VOD?

Description

Time

  • Played on: May 6, 2018, 7:20 a.m.
  • Length: 20:44
Show
View Real Time Build Order
Export as new Build Order

fruitcake Terran 

Build Orders:  

Get SALT Encoding   

  12  0:01  SCV  
  13  0:14  Supply Depot  
  13  0:18  SCV  
  14  0:25  Refinery  
  14  0:30  SCV  
  15  0:46  Barracks  
  15  0:48  SCV  
  16  1:00  SCV  
  17  1:09  Supply Depot  
  17  1:12  SCV  
  18  1:25  SCV  
  19  1:34  Marine  
  19  1:37  SCV  
  21  1:42  Refinery  
  21  1:54  Command Center  
  21  2:09  Barracks Tech Lab  
  21  2:16  SCV  
  21  2:20  Factory  
  22  2:28  SCV  
  23  2:33  Marauder  
  25  2:40  SCV  
  26  2:44  Engineering Bay  
  26  2:46  Supply Depot  
  26  2:53  SCV  
  26  2:55  Marauder  
  29  3:05  SCV  
  30  3:25  Barracks Reactor  
  30  3:27  Siege Tank  
  30  3:32  SCV x2  
  35  3:44  Terran Infantry Weapons Level 1, Supply Depot  
  35  3:47  SCV  
  36  3:54  Refinery  
  36  3:56  Refinery  
  36  3:59  SCV  
  37  4:04  Sensor Tower  
  37  4:11  SCV  
  37  4:14  Sensor Tower  
  38  4:19  Marine x2  
  38  4:21  Siege Tank  
  43  4:28  Orbital Command  
  43  4:31  SCV  
  44  4:43  SCV  
  45  5:07  Sensor Tower  
  45  5:11  SCV  
  45  5:12  SCV  
  47  5:23  SCV  
  47  5:24  SCV  
  49  5:32  Marine x2  
  49  5:34  Siege Tank  
  49  5:35  SCV  
  55  5:49  Marine, Barracks  
  55  5:50  Marine  
  57  5:57  SCV  
  57  6:00  SCV  
  59  6:06  Starport  
  59  6:07  Siege Tank  
  62  6:15  Supply Depot  
  62  6:19  Supply Depot, Terran Infantry Armor Level 1  
  62  6:36  Marine x2  
  62  6:37  SCV x2  
  62  6:39  Siege Tank  
  69  6:41  Supply Depot  
  69  6:42  Command Center  
  70  6:47  Barracks Reactor  
  70  6:48  Barracks Tech Lab  
  70  6:49  SCV  
  70  6:52  Medivac  
  72  6:54  Marine x2  
  74  7:06  SCV  
  75  7:09  Starport  
  75  7:11  Siege Tank  
  78  7:17  Marine x2, Marauder  
  78  7:21  Stimpack  
  82  7:23  SCV  
  83  7:36  Armory  
  83  7:39  Marauder  
  83  7:40  Starport Reactor  
  85  7:50  Supply Depot  
  85  7:51  Supply Depot  
  85  7:53  Marine x2, Siege Tank, Supply Depot  
  90  7:58  SCV  
  90  8:00  Marauder  
  90  8:01  SCV  
  90  8:02  SCV  
  95  8:11  Marine x2  
  97  8:14  Supply Depot  
  97  8:17  Supply Depot  
  97  8:21  Marauder  
  97  8:25  Siege Tank  
  70  8:43  Marauder  
  70  8:48  Marine x2  
  70  8:57  Siege Tank  
  73  9:04  Starport Reactor, Marauder  
  73  9:05  Medivac x2  
  73  9:06  Marine x2  
  81  9:10  SCV  
  81  9:11  SCV  
  81  9:12  SCV, Refinery  
  84  9:22  SCV  
  84  9:23  Marine x2, SCV  
  84  9:24  SCV  
  89  9:26  Marauder  
  89  9:29  Siege Tank  
  94  9:34  Medivac  
  94  9:35  SCV  
  94  9:36  SCV  
  94  9:37  Refinery  
  98  9:41  Marine x2  
  98  9:44  SCV  
  101  9:47  SCV, Marauder  
  101  9:48  SCV, Medivac  
  101  9:49  Medivac x2  
  111  9:59  SCV, Marine x2  
  114  10:01  Siege Tank  
  114  10:02  Terran Vehicle Weapons Level 1  
  114  10:03  Factory  
  117  10:08  Marauder  
  118  10:17  Marine x2  
  120  10:30  Marauder  
  120  10:32  Sensor Tower  
  120  10:34  Siege Tank  
  125  10:39  Marine  
  125  10:40  Marine  
  127  10:51  Marauder  
  129  10:57  Marine x2  
  129  11:01  Medivac  
  129  11:02  Medivac x3  
  139  11:04  Concussive Shells  
  139  11:12  Marauder  
  139  11:14  Siege Tank  
  139  11:15  Marine x2  
  146  11:25  Supply Depot  
  146  11:31  Medivac  
  146  11:32  Medivac x2  
  152  11:33  Marine x2  
  152  11:34  Marauder  
  156  11:48  Supply Depot  
  156  11:51  Marine x2  
  158  11:55  Marauder  
  160  12:09  Marine x2, Combat Shields  
  160  12:11  Terran Infantry Weapons Level 2, Supply Depot  
  162  12:17  Marauder  
  164  12:26  Marine  
  164  12:27  Marine  
  164  12:29  Command Center  
  166  12:38  Marauder  
  166  12:41  Supply Depot  
  168  12:44  Marine x2  
  170  12:54  Factory Tech Lab, Thor  
  176  12:59  Marauder  
  176  13:00  Viking  
  176  13:02  Marine  
  176  13:03  Marine, Viking x3  
  188  13:09  Supply Depot  
  188  13:12  Supply Depot x2  
  188  13:22  Marauder  
  181  13:32  Supply Depot  
  178  13:37  Thor  
  178  13:38  Terran Vehicle Weapons Level 2  
  184  13:44  Marauder  
  184  13:46  Planetary Fortress  
  186  13:52  SCV  
  187  14:05  Marauder  
  187  14:06  Command Center  
  189  14:16  Thor  
  195  14:26  Terran Infantry Armor Level 2  
  195  15:08  SCV, Command Center  
  195  15:09  SCV  
  165  15:43  Marine x2  
  167  15:52  SCV  
  167  15:54  Unknown  
  168  16:01  Marine  
  168  16:04  Planetary Fortress, SCV, Refinery  
  169  16:05  Marauder  
  170  16:14  Sensor Tower  
  170  16:16  SCV  
  170  16:18  Thor x2  
  183  16:26  Marauder  
  185  16:34  Refinery  
  185  16:38  Sensor Tower  
  185  16:50  Planetary Fortress  
  185  17:01  Thor x2  
  197  17:09  Command Center  
  197  17:24  Marine, Marauder  
  159  18:24  Unknown  
  159  18:38  SCV, Command Center  
  160  18:42  SCV x2  
  162  18:51  Unknown  
  162  18:52  Unknown  
  162  18:53  Unknown  
  154  19:12  Thor x2  
  166  19:22  Factory  
  166  19:50  SCV  
  167  19:55  Thor x2  
  179  20:03  SCV, Refinery  
  179  20:06  Factory  
  175  20:25  Marine x2  
  179  20:29  Refinery, Unknown  
  179  20:31  Unknown  
  179  20:33  Unknown  
Show
View Real Time Build Order
Export as new Build Order

A.I. 1 (Very Hard) Zerg - Winner!

Build Orders: Pool First 

Get SALT Encoding   

  12  0:00  Drone  
  13  0:12  Overlord  
  13  0:16  Drone  
  14  0:31  Drone x2  
  16  0:42  Spawning Pool  
  15  0:45  Drone  
  15  0:48  Drone  
  17  1:14  Hatchery  
  17  1:15  Drone  
  17  1:18  Extractor  
  17  1:19  Drone  
  17  1:23  Drone  
  18  1:28  Drone  
  19  1:38  Overlord  
  19  1:49  Drone, Queen  
  22  2:00  Zergling x2  
  23  2:11  Drone  
  24  2:21  Drone  
  25  2:24  Roach Warren  
  25  2:25  Queen  
  25  2:27  Drone  
  27  2:30  Extractor  
  27  2:34  Drone  
  27  2:42  Overlord  
  27  2:45  Drone  
  27  2:49  Drone  
  29  2:53  Drone  
  29  2:57  Drone x2  
  32  3:00  Zergling x2  
  32  3:03  Zergling x2  
  34  3:08  Roach  
  34  3:12  Roach  
  38  3:16  Roach  
  38  3:19  Roach  
  42  3:27  Drone x2  
  42  3:30  Overlord  
  44  3:37  Lair  
  44  3:42  Metabolic Boost  
  44  3:47  Overlord  
  44  3:50  Drone  
  44  3:52  Drone  
  44  3:54  Drone  
  47  3:57  Zergling x2  
  47  3:59  Zergling x2  
  47  4:01  Zergling x2  
  50  4:08  Drone, Evolution Chamber  
  50  4:13  Drone, Evolution Chamber  
  50  4:15  Drone  
  51  4:17  Drone  
  51  4:20  Drone  
  51  4:22  Drone  
  54  4:35  Zerg Missile Weapons Level 1  
  54  4:39  Drone, Zerg Ground Armor Level 1, Hydralisk Den  
  54  4:42  Overlord  
  54  4:45  Roach  
  56  4:48  Roach  
  58  5:02  Overlord  
  58  5:05  Drone  
  58  5:06  Drone, Extractor  
  58  5:08  Drone, Hydralisk  
  58  5:10  Drone  
  58  5:11  Hydralisk x2  
  58  5:12  Drone  
  67  5:20  Drone x2, Overlord  
  67  5:21  Drone  
  70  5:23  Drone  
  70  5:24  Drone  
  70  5:26  Drone  
  73  5:28  Drone  
  73  5:31  Drone  
  75  5:38  Drone  
  75  5:41  Infestation Pit, Overlord  
  75  5:43  Drone  
  75  5:45  Drone  
  75  5:47  Roach  
  75  5:49  Roach  
  81  5:59  Roach, Zergling x2, Overlord  
  81  6:00  Roach  
  86  6:06  Zergling x2, Ravager  
  86  6:08  Zergling x2  
  89  6:12  Drone, Extractor  
  89  6:17  Roach, Zergling x2, Ravager  
  93  6:19  Overlord, Evolution Chamber, Infestor  
  93  6:20  Roach  
  96  6:34  Drone x2  
  96  6:37  Infestor  
  96  6:39  Spine Crawler  
  99  6:40  Spine Crawler, Overlord  
  99  6:41  Drone, Hydralisk  
  99  6:42  Drone  
  102  6:55  Infestor  
  102  6:59  Overlord  
  104  7:10  Overseer  
  104  7:14  Infestor  
  106  7:17  Roach, Hatchery  
  106  7:18  Drone  
  106  7:19  Roach, Spore Crawler, Overlord  
  106  7:20  Drone  
  106  7:22  Roach, Spore Crawler  
  111  7:23  Drone  
  112  7:31  Zerg Melee Weapons Level 1  
  112  7:35  Hydralisk  
  114  7:40  Hydralisk  
  116  7:51  Overlord  
  116  7:55  Lurker Den  
  115  8:13  Roach  
  115  8:14  Spine Crawler  
  115  8:15  Roach  
  115  8:19  Zergling x6  
  119  8:20  Zergling x4  
  119  8:21  Zergling x4  
  119  8:22  Zergling x4  
  119  8:23  Baneling Nest, Zergling x2  
  119  8:24  Roach  
  109  8:27  Roach  
  109  8:29  Roach, Drone x2, Queen  
  109  8:30  Drone  
  102  8:37  Drone  
  102  8:39  Drone  
  102  8:40  Extractor  
  102  8:41  Drone  
  93  8:43  Extractor  
  93  8:44  Hydralisk  
  93  8:45  Drone, Hydralisk  
  83  8:49  Roach, Drone x2  
  83  8:50  Drone  
  83  8:52  Drone  
  83  8:54  Ravager  
  90  9:00  Roach  
  90  9:01  Drone  
  93  9:03  Drone  
  93  9:07  Baneling  
  94  9:11  Drone  
  94  9:12  Drone  
  94  9:14  Drone  
  94  9:16  Ravager, Hydralisk  
  94  9:17  Roach, Ravager, Drone  
  99  9:21  Roach, Drone, Infestor  
  99  9:22  Drone x2  
  112  9:24  Lurker  
  112  9:25  Drone  
  113  9:33  Drone x2  
  113  9:36  Drone  
  116  9:44  Roach x2  
  116  9:45  Lurker, Ravager, Hydralisk  
  122  9:46  Roach, Infestor  
  122  9:48  Roach  
  122  9:52  Hydralisk, Overlord  
  130  9:53  Roach  
  130  9:54  Hydralisk  
  136  10:03  Infestor  
  138  10:12  Infestor, Overlord  
  140  10:14  Zergling x2, Baneling  
  140  10:16  Zergling x2, Baneling  
  140  10:17  Baneling  
  140  10:19  Zergling x2, Baneling  
  140  10:20  Baneling  
  143  10:22  Roach  
  143  10:23  Roach  
  143  10:25  Roach  
  143  10:27  Hydralisk  
  151  10:30  Hydralisk  
  151  10:31  Overlord  
  151  10:33  Roach  
  151  10:34  Roach  
  157  10:40  Spine Crawler  
  157  10:42  Spine Crawler  
  155  10:47  Spine Crawler  
  155  10:48  Hive  
  154  10:50  Spore Crawler, Overlord  
  154  10:52  Spine Crawler  
  152  11:04  Zerg Melee Weapons Level 2  
  152  11:14  Zerg Missile Weapons Level 2  
  152  11:18  Queen, Overlord  
  154  11:21  Spore Crawler  
  154  11:23  Spore Crawler  
  154  11:25  Spore Crawler  
  151  11:27  Hatchery  
  151  11:28  Zerg Ground Armor Level 2  
  151  11:29  Drone  
  151  11:31  Spine Crawler  
  150  12:01  Viper x2  
  150  12:02  Spine Crawler  
  150  12:05  Spore Crawler  
  150  12:08  Spine Crawler  
  153  12:11  Spore Crawler, Drone  
  153  12:15  Drone, Ultralisk Cavern, Infestor  
  155  12:24  Infestor  
  157  12:40  Drone x4  
  157  12:41  Drone x3, Overlord  
  157  12:42  Overseer, Drone x4  
  157  12:43  Drone x4  
  157  12:44  Drone x2  
  173  12:45  Overseer  
  173  12:49  Hatchery, Extractor  
  173  12:50  Drone x2  
  174  12:52  Drone, Spine Crawler  
  174  12:54  Extractor  
  174  12:55  Drone  
  174  13:05  Ultralisk x2  
  186  13:12  Ultralisk  
  192  13:19  Zergling x8  
  190  13:20  Zergling x10  
  190  13:21  Zergling x2, Baneling  
  190  13:26  Pneumatized Carapace  
  178  13:29  Drone, Spire  
  150  13:36  Roach  
  150  13:37  Roach  
  150  13:38  Zergling x2, Baneling, Hydralisk  
  150  13:40  Hydralisk  
  157  13:43  Hydralisk  
  157  13:46  Baneling  
  157  13:47  Zergling x6, Baneling x5  
  157  13:48  Zergling x2, Baneling x2  
  162  13:50  Zergling x2, Baneling  
  162  13:51  Baneling x2  
  162  13:53  Zergling x2, Baneling  
  162  13:54  Baneling  
  162  13:55  Zergling x2, Baneling  
  166  13:56  Baneling  
  166  13:57  Zergling x2, Baneling  
  166  13:59  Baneling  
  166  14:00  Zergling x2, Baneling  
  168  14:03  Queen  
  168  14:06  Drone  
  176  14:10  Ultralisk  
  176  14:13  Extractor  
  176  14:14  Drone  
  176  14:16  Centrifical Hooks  
  176  14:26  Ultralisk, Extractor  
  176  14:28  Drone  
  182  14:35  Ultralisk  
  188  14:41  Mutalisk  
  188  14:43  Mutalisk, Overseer, Overlord  
  192  14:46  Mutalisk  
  192  14:51  Mutalisk, Spine Crawler  
  192  14:52  Drone  
  196  14:54  Drone, Spine Crawler  
  196  15:01  Mutalisk  
  198  15:12  Mutalisk, Spine Crawler  
  199  15:27  Zerg Melee Weapons Level 3  
  199  15:28  Drone  
  199  15:30  Zergling x6  
  199  15:31  Zergling x6  
  199  15:32  Zergling x2  
  199  15:33  Zergling x6, Spore Crawler, Drone  
  199  15:34  Mutalisk x2  
  199  15:35  Mutalisk x2, Spore Crawler, Drone  
  196  15:36  Mutalisk  
  196  15:37  Mutalisk, Hydralisk  
  196  15:38  Mutalisk, Spore Crawler, Drone  
  196  15:40  Roach  
  196  15:41  Hydralisk  
  191  15:44  Roach  
  191  15:46  Mutalisk  
  190  15:51  Zergling x2, Baneling  
  190  15:53  Infestor  
  190  15:54  Overseer  
  190  15:55  Overlord  
  193  15:57  Zergling x2, Baneling x2  
  193  15:58  Zergling x4, Baneling x4  
  193  15:59  Baneling  
  193  16:00  Zergling x2, Baneling  
  193  16:01  Baneling  
  197  16:11  Spine Crawler  
  197  16:13  Zergling x2, Drone, Baneling, Spine Crawler, Infestor  
  199  16:25  Baneling  
  199  16:28  Zerg Ground Armor Level 3  
  199  16:49  Spore Crawler, Drone  
  199  16:52  Spore Crawler, Drone  
  199  16:54  Spore Crawler, Drone  
  199  17:01  Drone, Spine Crawler  
  199  17:04  Spore Crawler, Drone  
  199  17:19  Pathogen Glands  
  199  17:34  Drone, Spine Crawler  
  199  17:36  Spore Crawler, Drone  
  199  17:38  Drone, Spine Crawler  
  199  17:40  Spore Crawler, Drone  
  199  17:47  Drone  
  199  17:51  Zergling x2  
  199  17:53  Zergling x2  
  199  17:54  Zergling x2  
  199  17:55  Zergling x2  
  199  17:56  Zergling x2, Infestor  
  199  17:57  Zergling x2  
  199  17:58  Ultralisk  
  196  17:59  Drone, Zergling x4, Hatchery  
  196  18:00  Zergling x2, Ultralisk  
  196  18:03  Ultralisk  
  187  18:05  Ultralisk  
  187  18:06  Ultralisk  
  187  18:07  Hydralisk  
  187  18:09  Mutalisk x2, Zergling x4, Baneling x2  
  187  18:10  Baneling x2  
  187  18:12  Roach  
  176  18:13  Zergling x2  
  176  18:14  Baneling x2  
  176  18:15  Roach  
  176  18:16  Neural Parasite  
  176  18:17  Roach  
  176  18:19  Roach  
  155  18:21  Hydralisk  
  155  18:23  Hydralisk  
  155  18:26  Hydralisk  
  152  18:27  Zergling x2  
  152  18:28  Baneling  
  152  18:29  Zergling x2  
  152  18:31  Mutalisk  
  152  18:33  Mutalisk  
  156  18:36  Mutalisk  
  156  18:38  Mutalisk  
  156  18:41  Overlord  
  162  18:44  Mutalisk  
  162  18:47  Mutalisk  
  166  18:49  Mutalisk  
  166  18:51  Mutalisk  
  166  18:54  Infestor  
  172  18:56  Infestor  
  172  18:58  Infestor  
  172  19:01  Overlord  
  176  19:08  Ultralisk  
  181  19:14  Infestor  
  183  19:21  Queen  
  183  19:22  Infestor  
  187  19:31  Viper  
  187  19:35  Extractor  
  187  19:36  Drone  
  187  19:37  Spore Crawler  
  189  19:38  Drone  
  190  19:51  Extractor  
  190  19:52  Drone  
  190  20:04  Overseer  
  190  20:05  Hatchery, Overlord  
  190  20:06  Drone  
  190  20:10  Spore Crawler  
  190  20:11  Drone  
  190  20:13  Unknown  
  190  20:27  Zergling x2, Spine Crawler  
  195  20:29  Drone  
  188  20:36  Spore Crawler  
Tags
 
Add a new tag
Caveats
  • Supply blocks, unpowered buildings, or Contaminate may cause inaccurate times.
  • Supply counts are checked every 10 seconds.